 Dungeon Crawl Stone Soup version 0.29.0-11-gd7f09526c8 (console) character file.

Game seed: 6560122585399300373

2447 Olga the Thaumaturge (level 9, -3/57 HPs)
             Began as a Mummy Necromancer on Sept 3, 2022.
             Was a Follower of Kikubaaqudgha.
             Killed by the air
             ... invoked by Gastronok
              (6 damage)
             ... on level 8 of the Dungeon on Sept 4, 2022.
             The game lasted 00:24:22 (8886 turns).

Olga the Thaumaturge (Mummy Necromancer)            Turns: 8886, Time: 00:24:23

Health: -3/57      AC:  7    Str: 13    XL:     9   Next: 25%
Magic:  25/31      EV: 11    Int: 25    God:    Kikubaaqudgha [*.....]
Gold:   82         SH:  3    Dex: 13    Spells: 11/26 levels left

rFire   . . .      SeeInvis .   a - +7 whip (elec)
rCold   + . .      Faith    .   t - +0 buckler
rNeg    + + +      Spirit   .   e - +0 leather armour
rPois   inf        Reflect  .   o - -1 helmet of Apathy {*Corrode rElec rF+ Int+3}
rElec   +          Harm     .   r - +1 cloak
rCorr   .          Rampage  .   p - +0 pair of gloves
Will    +....                   m - +0 pair of boots
Stlth   ++........              (no amulet)
HPRegen 0.19/turn               h - ring of flight
MPRegen 0.22/turn               s - ring "Itria" {MP+9 Str+2 Int+4}

@: animating dead, flying
A: cold resistance 1, negative energy resistance 3, torment resistance 2, heat
vulnerability 1, in touch with death 1, no potions
a: Renounce Religion, Unearth Wretches


You were on level 8 of the Dungeon.
You worshipped Kikubaaqudgha.
Kikubaaqudgha was aware of your devotion.
You visited 2 branches of the dungeon, and saw 9 of its levels.

You collected 416 gold pieces.
You spent 334 gold pieces at shops.

Inventory:

Hand Weapons
 a - a +7 whip of electrocution (weapon)
 b - the +4 falchion of Eternal War {freeze, Will+}
   (You found it on level 7 of the Dungeon)

   It freezes those it strikes, dealing additional cold damage.
   It can also slow down cold-blooded creatures.
   Will:      It increases your willpower.
Missiles
 f - 4 javelins
 n - a curare-tipped dart
 q - 9 poisoned darts
Armour
 e - a +0 leather armour (worn)
 m - a +0 pair of boots (worn)
 o - the -1 helmet of Apathy (worn) {*Corrode rElec rF+ Int+3}
   (You bought it in a shop on level 3 of the Dungeon)

   Int:       It affects your intelligence (+3).
   rF:        It protects you from fire.
   rElec:     It insulates you from electricity.
   *Corrode:  It may corrode you when you take damage.
 p - a +0 pair of gloves (worn)
 r - a +1 cloak (worn)
 t - a +0 buckler (worn)
Jewellery
 h - a ring of flight (left hand)
 s - the ring "Itria" (right hand) {MP+9 Str+2 Int+4}
   (You found it on level 7 of the Dungeon)

   [ring of magical power]

   Str:       It affects your strength (+2).
   Int:       It affects your intelligence (+4).
   MP:        It affects your magic capacity (+9).
Wands
 d - a wand of roots (8)
Scrolls
 c - 2 scrolls of magic mapping
 g - a scroll of vulnerability
 i - a scroll of butterflies
 j - 3 scrolls of immolation
 k - 6 scrolls of teleportation
 l - 4 scrolls of identify


   Skills:
 + Level 0.0 Fighting
 + Level 3.4 Maces & Flails
 - Level 1.5 Dodging
 - Level 1.5 Stealth
 + Level 0.0 Shields
 + Level 9.2 Spellcasting
 - Level 8.3 Necromancy
 + Level 1.0 Fire Magic
 + Level 2.7 Invocations
 - Level 3.0 Evocations


You had 11 spell levels left.
You knew the following spells:

 Your Spells              Type           Power      Damage    Failure   Level
a - Necrotise             Necr           100%       1d9       1%          1
g - Agony                 Necr           69%        N/A       9%          5
s - Scorch                Fire           32%        2d6       10%         2
v - Vampiric Draining     Necr           69%        2d10      1%          3
A - Animate Dead          Necr           69%        N/A       3%          4

Your spell library contained the following spells:

 Spells                   Type           Power      Damage    Failure   Level
 Blink                    Tloc           22%        N/A       14%         2
 Anguish                  Hex/Necr       24%        N/A       17%         4
 Dazzling Flash           Conj/Hex       22%        N/A       28%         3
 Lesser Beckoning         Tloc           11%        N/A       28%         3
 Portal Projectile        Hex/Tloc       22%        N/A       28%         3
 Tukima's Dance           Hex            11%        N/A       28%         3
 Flame Wave               Conj/Fire      14%        2d6       58%         4
 Olgreb's Toxic Radiance  Pois           11%        N/A       67%         4
 Manifold Assault         Tloc           11%        N/A       95%         5
 Silence                  Hex/Air        5%         N/A       95%         5
 Summon Cactus Giant      Summ           5%         N/A       100%        6
 Ozocubu's Refrigeration  Ice            5%         4d8       100%        7
 Ignition                 Fire           8%         3d5       100%        8
 Blade Hands              Tmut           Unusable   N/A       N/A         5

Dungeon Overview and Level Annotations

Branches:
Dungeon (8/15)             Temple (1/1) D:4
   Lair: D:8-11

Altars:
Ashenzari
Cheibriados
Dithmenos
Fedhas
Gozag
Hepliaklqana
Kikubaaqudgha
Nemelex Xobeh
Okawaru
Qazlal
Ru
Sif Muna
Trog
Uskayaw
Vehumet
Wu Jian
Yredelemnul

Shops:
D:1 ?[??(   D:3 [=   D:5 *

Annotations:
D:8 Gastronok


Innate Abilities, Weirdness & Mutations

You are immune to poison.
Your flesh is cold resistant. (rC+)
You are immune to negative energy. (rN+++)
You are immune to unholy pain and torment.
You are vulnerable to heat. (rF-)
You are in touch with the powers of death.
You do not drink.


Message History

Unknown command.
You feel a surge of power!
The orc writhes in agony.
The orc closely misses you.
You feel a surge of power!
The orc writhes in agony.
You kill the orc!
Kikubaaqudgha accepts your kill.
The dead are walking!
The orc warrior shoots a bolt.
The bolt barely misses you.
You feel a surge of power!
The orc warrior writhes in agony.
The orc warrior shoots a bolt.
The bolt hits you!
Unknown command.
You are too injured to fight recklessly!
Unknown command.
Aiming: Fastroot
Press: ? - help, Shift-Dir - straight line, f/p - orc warrior
Aim: an orc warrior, wielding a +0 arbalest and wearing a +0 plate armour (lightly wounded, ally target)
The roots erupt in riotous growth!
Roots grab the orc warrior.
Your orc zombie is unaffected.
The grasping roots constrict the orc warrior.
You hear a shout!
Your orc zombie hits the orc warrior but does no damage.
The orc warrior shoots a bolt.
The bolt misses you.
Unknown command.
Unknown command.
Aiming: Fastroot
Press: ? - help, Shift-Dir - straight line, f - you, p - orc warrior The roots erupt in riotous growth!
The grasping roots constrict the orc warrior!
You hear an angry hiss.
Your orc zombie hits the orc warrior but does no damage.
The orc warrior shoots a bolt.
The bolt hits you!!
* * * LOW HITPOINT WARNING * * *
Unknown command.
You can't drink.
Okay, then.
The roots release their grip on the orc warrior.
The orc warrior shoots a bolt.
The bolt closely misses you.
Gastronok waves his eye-stalks in wide circles.
The air twists around and strikes you.
You die...
Kikubaaqudgha rasps: "You have failed me!
Welcome... oblivion!"

....#
...#
w..#
..#
Z..
#o#
#)#
#@#
###


You could see Gastronok, an orc warrior (ally target) and a friendly orc zombie.

Vanquished Creatures
  A two-headed ogre (D:6)
  Grinder (D:4)
  A steam dragon (D:6)
  Duvessa (D:4)
  An orc warrior (D:7)
  An ice beast (D:7)
  A black bear (D:6)
  A centaur (D:7)
  2 ogres
  A kobold brigand (D:7)
  A phantom (D:6)
  A necrophage (D:6)
  2 scorpions (D:5)
  3 wights (D:6)
  3 killer bees (D:7)
  Dowan (D:4)
  2 howler monkeys (D:7)
  2 orc priests
  Crazy Yiuf (D:3)
  5 hounds
  6 iguanas
  3 orc wizards
  5 adders
  A shadow imp (D:6)
  An ufetubus (D:4)
  3 worms (D:4)
  2 dart slugs (D:2)
  16 orcs
  17 ball pythons
  5 bats (D:1)
  6 endoplasms
  3 giant cockroaches
  6 goblins
  6 hobgoblins
  3 jackals (D:4)
  5 quokkas
  2 frilled lizards
  10 kobolds
  11 rats
143 creatures vanquished.

Vanquished Creatures (collateral kills)
  A bullfrog (D:7)
  A wight (D:6)
  A howler monkey (D:7)
  A jelly (D:5)
  An orc priest (D:6)
  An orc wizard (D:7)
  A shadow imp (D:6)
  A white imp (D:6)
  6 orcs
  An endoplasm (D:3)
  A jackal (D:4)
  5 kobolds
21 creatures vanquished.

Vanquished Creatures (others)
  A yak (D:6)
  A centaur zombie (D:7)
  A scorpion zombie (D:5)
  A howler monkey zombie (D:7)
  An elf zombie (D:4)
  An adder (D:6)
  An adder zombie (D:6)
  2 iguana zombies (D:6)
  An endoplasm (D:4)
  A ball python (D:4)
  2 kobold zombies (D:7)
  10 orc zombies
  A quokka zombie (D:6)
  A plant (D:1)
25 creatures vanquished.

Grand Total: 189 creatures vanquished

Notes
Turn   | Place    | Note
-------+----------+-------------------------------------------
     0 | D:1      | Olga the Mummy Necromancer began the quest for the Orb.
     0 | D:1      | Reached XP level 1. HP: 13/13 MP: 4/4
   128 | D:1      | Found Tisud's Armour Shop.
   157 | D:1      | Found a faded altar of an unknown god.
   460 | D:1      | Reached skill level 3 in Spellcasting
   642 | D:1      | Reached XP level 2. HP: 19/19 MP: 3/6
   907 | D:1      | Found Plog's Magic Scroll Shop.
  1093 | D:1      | Found Vukoocro's Antique Weapon Boutique.
  1234 | D:1      | Gained mutation: You are in touch with the powers of death.
                  | [Mummy growth]
  1234 | D:1      | Reached XP level 3. HP: 24/24 MP: 8/8
  1234 | D:1      | Found Muukomit's Magic Scroll Emporium.
  1266 | D:1      | Found Ykhloily's Magic Scroll Shop.
  1336 | D:1      | Bought a scroll of identify for 26 gold pieces
  1337 | D:1      | Bought a scroll of identify for 26 gold pieces
  1706 | D:2      | Reached skill level 4 in Spellcasting
  1839 | D:2      | Reached XP level 4. HP: 30/30 MP: 6/10
  2051 | D:2      | Reached skill level 5 in Necromancy
  2428 | D:3      | Found Ytranan's Armour Shoppe.
  2440 | D:3      | Reached XP level 5. HP: 35/35 MP: 8/12
  2489 | D:3      | Found a hazy altar of Hepliaklqana.
  2540 | D:3      | Found an opulent altar of Gozag.
  2717 | D:3      | Found a runed translucent door.
  2718 | D:3      | Noticed Crazy Yiuf
  2779 | D:3      | Found Qoanisch Zojo's Jewellery Emporium.
  2958 | D:4      | Noticed Grinder
  2968 | D:4      | Killed Grinder
  2969 | D:4      | Reached skill level 1 in Maces & Flails
  2969 | D:4      | Reached skill level 5 in Spellcasting
  2969 | D:4      | Reached XP level 6. HP: 38/41 MP: 9/14
  3060 | D:4      | Learned a level 3 spell: Vampiric Draining
  3065 | D:4      | Learned a level 4 spell: Animate Dead
  3071 | D:4      | Learned a level 5 spell: Agony
  3115 | D:4      | Found a staircase to the Ecumenical Temple.
  3202 | D:4      | Noticed Dowan
  3207 | D:4      | Noticed Duvessa
  3235 | Temple   | Entered the Ecumenical Temple
  3589 | Temple   | Became a worshipper of Kikubaaqudgha
  3614 | D:4      | Killed Duvessa
  3615 | D:4      | Reached skill level 6 in Spellcasting
  3627 | D:4      | Your ally Duvessa died
  3782 | D:4      | Killed Dowan
  3783 | D:4      | Reached XP level 7. HP: 39/46 MP: 16/16
  4594 | D:5      | Entered Level 5 of the Dungeon
  4730 | D:5      | Reached skill level 7 in Spellcasting
  4730 | D:5      | Reached skill level 1 in Evocations
  4915 | D:5      | Found Reguud's Retail Resort.
  5022 | D:3      | Bought the -1 helmet of Apathy {*Corrode rElec rF+ Int+3}
                  | for 233 gold pieces
  5114 | D:3      | Killed Crazy Yiuf
  5114 | D:3      | Reached * piety under Kikubaaqudgha
  5114 | D:3      | Received a gift from Kikubaaqudgha
  5765 | D:5      | Reached XP level 8. HP: 50/52 MP: 12/19
  6320 | D:6      | Reached skill level 1 in Invocations
  6467 | D:6      | Reached skill level 8 in Spellcasting
  6507 | D:6      | Noticed a two-headed ogre
  6937 | D:6      | Found an iron altar of Okawaru.
  6937 | D:6      | Found a stormy altar of Qazlal.
  6945 | D:6      | Found a snail-covered altar of Cheibriados.
  6947 | D:6      | Found a bloodstained altar of Trog.
  7602 | D:7      | Reached XP level 9. HP: 36/57 MP: 10/21
  7612 | D:7      | Reached skill level 9 in Spellcasting
  7880 | D:7      | Identified the +4 falchion of Eternal War {freeze, Will+}
  7996 | D:7      | Identified the ring "Itria" {MP+9 Str+2 Int+4}
  8302 | D:7      | Reached skill level 1 in Fire Magic
  8638 | D:7      | Learned a level 2 spell: Scorch
  8729 | D:3      | Bought a +0 buckler for 49 gold pieces
  8880 | D:8      | Noticed Gastronok
  8886 | D:8      | Killed from afar by Gastronok

Illustrated notes

Levels and vault maps discovered:
D:1:      psy_arrival_conway, layout_loops_corners,
          hellmonk_ecumenical_altar_pennies_from_heaven, serial_shops,
          nicolae_lakefront_shop, nicolae_shop_crystal, nicolae_shop_waterfront,
          nicolae_shop_statue_plus, nicolae_lakefront_shop,
          dreamdust_wishing_well, minmay_tromino_mix6
D:2:      layout_rooms
D:3:      layout_rooms, mainiacjoe_overflow_surrounded_room,
          mainiacjoe_overflow_small_starburst, serial_shops, shop,
          nicolae_lakefront_shop, uniq_crazy_yiuf_cottage
D:4:      layout_basic, minmay_temple_entry_mini_moons, lemuel_old_faithful,
          uniq_grinder, uniq_duvessa
D:5:      layout_loops_cross, nicolae_alphabet_shops, roderic_nine_men_s_morris,
          minmay_strange_pillars
D:6:      layout_cave_pools, chequers_temple_overflow_minitemple,
          amcnicky_mini_pool_small, kennysheep_generic_room_11
D:7:      nicolae_cairo_tiling_very_big, layout_loops_ring,
          chequers_serial_rivers_micro_b
D:8:      layout_basic, kennysheep_mini_moat, enter_bailey_3, uniq_maurice,
          uniq_gastronok
Temple:   nicolae_temple_god_jail

Skill      XL: |  1  2  3  4  5  6  7  8  9 |
---------------+----------------------------+-----
Spellcasting   | 3 4 5 6 7 8 9 |  9.2
Necromancy     | 5 6 7 8 |  8.3
Maces & Flails | 1 2 3 |  3.4
Evocations     | 1 2 3 |  3.0
Invocations    | 2 |  2.7
Fire Magic     | 1 |  1.0
Dodging        | |  1.5
Stealth        | |  1.5

Action                   |  1- 3 |  4- 6 |  7- 9 || total
-------------------------+-------+-------+-------++-------
Melee: Hand axe          |    50 |     9 |       ||    59
       Whip              |       |    27 |   101 ||   128
       Punch             |       |     1 |     1 ||     2
 Cast: Necrotise         |    50 |    59 |   104 ||   213
       Animate Dead      |       |     2 |    10 ||    12
       Vampiric Draining |       |       |    11 ||    11
Invok: Unearth Wretches  |       |       |     2 ||     2
Evoke: Wand              |       |    10 |    11 ||    21
  Use: Scroll            |     4 |     5 |     8 ||    17
 Stab: Sleeping          |       |     1 |       ||     1
       Distracted        |       |       |     2 ||     2
       Paralysed         |       |       |     3 ||     3
Armor: Leather armour    |    20 |    29 |    56 ||   105
Dodge: Dodged            |    43 |    57 |    99 ||   199
